 Dungeon Crawl Stone Soup version 0.29-a0-322-g68df515428 (webtiles) character file.

Game seed: 15279736797090804941

1 kae the Firebug (level 1, -1/10 HPs)
             Began as a Tengu Fire Elementalist on Apr 7, 2022.
             Slain by a jackal (3 damage)
             ... on level 1 of the Dungeon.
             The game lasted 00:00:44 (218 turns).

kae the Firebug (Tengu Fire Elementalist)            Turns: 218, Time: 00:00:45

Health: -1/10      AC:  2    Str:  8    XL:     1   Next: 20%
Magic:  1/4        EV: 12    Int: 15    God:
Gold:   13         SH:  0    Dex: 14    Spells: 3/4 levels left

rFire   . . .      SeeInvis .   e - +0 whip
rCold   . . .      Faith    .   (no shield)
rNeg    . . .      Spirit   .   a - +0 robe
rPois   .          Reflect  .   (helmet restricted)
rElec   .          Harm     .   (no cloak)
rCorr   .          Rampage  .   (no gloves)
Will    .....                   (boots unavailable)
Stlth   ++........              (no amulet)
HPRegen 0.03/turn               (no ring)
MPRegen 0.09/turn               (no ring)

@: very slightly contaminated
A: beak, talons 3
a: no special abilities


You were on level 1 of the Dungeon.
You visited 1 branch of the dungeon, and saw 1 of its levels.

You collected 13 gold pieces.

Inventory:

Hand Weapons
 e - a +0 whip (weapon)
Armour
 a - a +0 robe (worn)
Scrolls
 d - 2 scrolls of immolation {unknown}
Potions
 b - a potion of magic
 c - a potion of invisibility {unknown}


   Skills:
 + Level 2.2 Dodging
 + Level 2.0 Stealth
 + Level 2.0 Spellcasting
 + Level 1.4 Conjurations
 + Level 3.3 Fire Magic


You had 3 spell levels left.
You knew the following spells:

 Your Spells              Type           Power      Damage    Failure   Level
a - Foxfire               Conj/Fire      32%        2x1d5     9%          1

Your spell library contained the following spells:

 Spells                   Type           Power      Damage    Failure   Level
 Scorch                   Fire           22%        2d6       9%          2
 Conjure Flame            Conj/Fire      8%         6-21      26%         3
 Inner Flame              Hex/Fire       6%         N/A       34%         3
 Flame Wave               Conj/Fire      8%         2d5       63%         4


Dungeon Overview and Level Annotations

Branches:
Dungeon (1/15)

Altars:


Innate Abilities, Weirdness & Mutations

You have a beak for a mouth.
You have claws for feet.


Message History

You are very lightly contaminated with residual magic.
Nothing appears to happen.
Casting: Foxfire (safe; 9% risk of failure)
Confirm with . or Enter, or press ? or * to list all spells.
You miscast Foxfire.
Nothing appears to happen.
Casting: Foxfire (safe; 9% risk of failure)
Confirm with . or Enter, or press ? or * to list all spells.
You miscast Foxfire.
Nothing appears to happen.
The jackal barely misses you. The jackal closely misses you.
The jackal bites you but does no damage.
The jackal misses you.
Casting: Foxfire (safe; 9% risk of failure)
Confirm with . or Enter, or press ? or * to list all spells.
You miscast Foxfire.
Nothing appears to happen.
The jackal closely misses you.
The jackal splashes around in the water.
Casting: Foxfire (safe; 9% risk of failure)
Confirm with . or Enter, or press ? or * to list all spells.
You don't have enough magic to cast this spell.
The jackal attacks as you move away! The jackal barely misses you.
The jackal splashes around in the water.
The jackal bites you. The jackal closely misses you.
You closely miss the jackal. The jackal barely misses you.
The jackal closely misses you. The jackal barely misses you.
The jackal misses you. The jackal attacks as you move away!
The jackal misses you. The jackal closely misses you. The jackal bites you.
The jackal attacks as you move away! The jackal bites you.
The jackal attacks as you move away! The jackal barely misses you.
The jackal attacks as you move away!
The jackal bites you but does no damage.
The kobold throws a stone.
The stone closely misses you.
You closely miss the jackal. You peck the jackal, but do no damage.
The jackal misses you.
You miss the jackal. You peck the jackal, but do no damage.
The jackal barely misses you. The jackal bites you.
* * * LOW HITPOINT WARNING * * *
You barely miss the jackal. You claw the jackal.
The jackal is heavily wounded.
The jackal bites you.
You die...

. #... #.#..# # #####
.#..###.# .... ..>≈...
..####..≈# #.#..≈.≈≈# #
#.#.....≈#
#.###.###K..#≈..≈#
#......@hh..##..≈#
######.###..###.≈#
###.###..## .## #. #
..........#... .###
..........#..#. g..
..........#..#.#. ..
.........#.#..#.##.##.
..........#.#..#.##.[..
........#.#..........


You could see 2 jackals and a kobold.

Vanquished Creatures
  An endoplasm (D:1)
1 creature vanquished.

Vanquished Creatures (others)
  4 foxfires (D:1)
4 creatures vanquished.

Grand Total: 5 creatures vanquished

Notes
Turn   | Place    | Note
-------+----------+-------------------------------------------
     0 | D:1      | kae the Tengu Fire Elementalist began the quest for the
                  | Orb.
     0 | D:1      | Reached XP level 1. HP: 10/10 MP: 4/4
   218 | D:1      | Slain by a jackal

Illustrated notes

Levels and vault maps discovered:
D:1:      saegor_arrival_simple_a, layout_basic, chequers_serial_rivers_micro_e,
          minmay_misc_feat_five

Action                   || total
-------------------------++-------
Melee: Whip              ||     5
       Kick              ||     2
       Peck              ||     2
 Cast: Foxfire           ||     2
Armor: Robe              ||     2
Dodge: Dodged            ||    16

Table legend: (Time is in decaauts)
 A = Elapsed time spent in this place.
 B = Non-inter-level travel time spent in this place.
 C = Inter-level travel time spent in this place.
 D = Time resting spent in this place.
 E = Time spent auto-exploring this place.
 F = Levels seen in this place.
 G = Mean time per level.
                   A        B        C        D        E       F      G
               +--------+--------+--------+--------+--------+-----+--------+
         Total |    217 |    217 |      0 |      0 |    169 |   1 |  217.0 |
       Dungeon |    217 |    217 |      0 |      0 |    169 |   1 |  217.0 |
               +--------+--------+--------+--------+--------+-----+--------+

Top non-repeatable levels by time:
     D:1: 217 daAuts
